AoeStats
← Luv Sic

Arabia

505408576Analyzed
1v1 RM · 24d ago on Sep 9, 2026· 43m 35s· 2 players
Game mode
Random Map
Map size
Tiny (2 player)
Population
200
Speed
Normal
Resources
Standard
Victory
Conquest
Starting age
Dark Age
Ending age
Imperial Age
RankedLock teamsTeams togetherTeam positionsShared explorationLock speedFull tech treeHidden civsTurbo modeCheats
Victory
Defeat
🇺🇸 Magyars · United States
814
+17
846
-17
Luv Sic
3:41 Loom
10:10 Feudal Age
11:33 Double-Bit Axe
14:33 Wheelbarrow
20:21 Castle Age
18:45 Horse Collar
24:55 Bow Saw
28:46 Scale Barding Armor
34:15 Imperial Age
36:45 Elite Skirmisher
37:56 Chain Barding Armor
37:39 Padded Archer Armor
37:29 Fletching
38:15 Corvinian Army
38:24 Recurve Bow
38:46 Husbandry
38:58 Bloodlines
40:18 Two-Man Saw
39:19 Heavy Plow
41:06 Ballistics
41:28 Hand Cart
41:57 Leather Archer Armor
42:18 Plate Barding Armor
42:30 Town Watch
别打我,我是纯新手!
1:55 Loom
11:47 Feudal Age
13:44 Bloodlines
17:07 Scale Barding Armor
24:18 Double-Bit Axe
28:14 Castle Age
26:29 Padded Archer Armor
27:44 Wheelbarrow
28:24 Fletching
32:39 Bodkin Arrow
34:11 Leather Archer Armor
36:00 Husbandry
38:51 Ballistics
41:07 Hand Cart
Connection lost

Rejoining the realm…

Still unreachable

The connection could not be restored.

Session expired

The server has moved on; the page needs a fresh start.